 Dungeon Crawl Stone Soup version 0.25-a0-482-g9b3b753f3f (webtiles) character file.

Game seed: 3771039789993032571, levelgen mode: deterministic

520 DerDa the Purveyor of Pain (level 7, -1/36 HPs)
             Began as a Deep Elf Necromancer on Feb 10, 2020.
             Was an Initiate of Kikubaaqudgha.
             Killed from afar by an orc wizard (8 damage)
             ... with a magic dart
             ... on level 4 of the Dungeon.
             The game lasted 00:12:18 (4330 turns).

DerDa the Purveyor of Pain (Deep Elf Necromancer)   Turns: 4330, Time: 00:12:19

Health: -1/36      AC:  4    Str:  5    XL:     7   Next: 1%
Magic:  5/19       EV: 14    Int: 22    God:    Kikubaaqudgha [......]
Gold:   213        SH:  0    Dex: 15    Spells: 6/19 levels left

rFire    . . .     SeeInvis .   k - +2 short sword (speed)
rCold    . . .     Gourm    .   (no shield)
rNeg     . . .     Faith    .   a - +0 robe
rPois    .         Spirit   .   u - +1 helmet
rElec    .         Reflect  .   (no cloak)
rCorr    .         Harm     .   (no gloves)
MR       +....                  (no boots)
Stlth    ++........             (no amulet)
HPRegen  0.12/turn              t - ring of protection from magic
MPRegen  0.16/turn              (no ring)

@: no status effects
A: no striking features
a: Renounce Religion


You were on level 4 of the Dungeon.
You worshipped Kikubaaqudgha.
Kikubaaqudgha was noncommittal.
You were hungry.

You visited 1 branch of the dungeon, and saw 4 of its levels.

You collected 213 gold pieces.

Inventory:

Hand Weapons
 k - a +2 short sword of speed (weapon)
 r - a +0 hand axe of venom
Missiles
 f - 167 stones (quivered)
 p - 4 datura-tipped darts
Armour
 a - a +0 robe (worn)
 u - a +1 helmet (worn)
Jewellery
 t - a ring of protection from magic (left hand)
Scrolls
 b - a scroll of enchant weapon {unknown}
 d - 3 scrolls of remove curse {unknown}
 g - 6 scrolls of identify {unknown}
 h - 4 scrolls of teleportation {unknown}
 n - 3 scrolls of fear {unknown}
 o - 2 scrolls of random uselessness {unknown}
 v - a scroll of vulnerability {unknown}
Potions
 e - a potion of might {unknown}
 i - a potion of invisibility {unknown}
 j - 2 potions of berserk rage {unknown}
 l - 2 potions of magic {unknown}
 m - 6 potions of curing {unknown}
 q - a potion of resistance {unknown}
 s - 2 potions of heal wounds {unknown}
 w - a potion of flight {unknown}
 x - a potion of agility {unknown}
 z - a potion of ambrosia {unknown}
Comestibles
 c - 5 rations


   Skills:
 + Level 4.5 Dodging
 - Level 2.4 Stealth
 * Level 6.8 Spellcasting
 * Level 7.4 Necromancy


You had 6 spell levels left.
You knew the following spells:

 Your Spells              Type           Power        Failure   Level  Hunger
a - Pain                  Necr           ####         1%          1    None
b - Vampiric Draining     Necr           #####.....   1%          3    #......
c - Agony                 Necr           #####...     11%         5    #####..
d - Animate Dead          Necr           N/A          3%          4    ###....

Your spell library contained the following spells:

 Spells                   Type           Power        Failure   Level  Hunger
 Animate Skeleton         Necr           N/A          1%          1    None


Dungeon Overview and Level Annotations

Branches:
Dungeon (4/15)
 Temple: D:4-7

Altars:
Elyvilon
Kikubaaqudgha
Nemelex Xobeh
Okawaru
Uskayaw
Vehumet

Annotations:
D:2 1 runed translucent door, exclusion: wight, Crazy Yiuf


Message History

You kill the worker ant!
Kikubaaqudgha accepts your kill.
You have reached level 7!
You feel life coursing into your body.
Casting: Vampiric Draining (safe; 1% risk of failure)
Confirm with . or Enter, or press ? or * to list all spells.
Aiming: Pain (safe; 1% risk of failure)
Press: ? - help, Shift-Dir - straight line, f - orc wizard
Aim: an orc wizard, wielding a +0 dagger and wearing a +0 robe (chance to defeat MR: 84%)
The orc wizard writhes in agony.
Casting: Pain (safe; 1% risk of failure)
Confirm with . or Enter, or press ? or * to list all spells.
Aiming: Pain (safe; 1% risk of failure)
Press: ? - help, Shift-Dir - straight line, f/p - orc wizard
Aim: an orc wizard, wielding a +0 dagger and wearing a +0 robe (moderately wounded, chance to defeat MR: 84%)
The orc wizard writhes in agony.
The orc wizard casts a spell at you. The magic dart hits you!
You die...
Kikubaaqudgha rasps: "You have failed me!
Welcome... death!"

#...........
.####...<....... .
................ ..
.........####... ..)
.........'..#...
....##+###........#..#...
....)....#........#..#...
.........#######'##..#...
......o.@.....#...#..'...
######........#...#..#...
#........#...#..#...
#........#...#..#...
#...##..##..##..#...
#...##..##..##..#...
#.......#...##..##'#
.'.......'...##..##(.
..#.......#....#.รท....


You could see an orc wizard.

Vanquished Creatures
  A sky beast (D:4)
  2 big kobolds (D:3)
  2 orc priests
  3 worker ants
  4 adders
  3 oozes
  4 dart slugs
  4 leopard geckos (D:1)
  18 orcs
  9 bats
  A bat zombie (D:3)
  4 giant cockroaches
  5 goblins
  8 hobgoblins
  3 jackals (D:4)
  9 kobolds
  3 quokkas (D:4)
  2 ball pythons (D:2)
  4 frilled lizards
  A quokka skeleton (D:4)
  2 rats
  A rat zombie (D:3)
93 creatures vanquished.

Notes
Turn   | Place    | Note
-------+----------+-------------------------------------------
     0 | D:1      | DerDa the Deep Elf Necromancer began the quest for the Orb.
     0 | D:1      | Reached XP level 1. HP: 10/10 MP: 6/6
   288 | D:1      | Reached skill level 5 in Necromancy
   318 | D:1      | Reached XP level 2. HP: 11/15 MP: 5/8
   974 | D:1      | Reached XP level 3. HP: 17/19 MP: 7/10
  1051 | D:1      | Learned a level 3 spell: Vampiric Draining
  1587 | D:2      | Reached XP level 4. HP: 23/24 MP: 9/12
  1875 | D:2      | Found a runed translucent door.
  1876 | D:2      | Noticed Crazy Yiuf
  2463 | D:3      | Reached skill level 6 in Necromancy
  2506 | D:3      | Reached skill level 5 in Spellcasting
  2506 | D:3      | Reached XP level 5. HP: 7/28 MP: 1/14
  2944 | D:3      | Reached XP level 6. HP: 16/32 MP: 4/16
  3089 | D:3      | Found an ancient bone altar of Kikubaaqudgha.
  3099 | D:3      | Became a worshipper of Kikubaaqudgha
  3235 | D:3      | Found an iron altar of Okawaru.
  3236 | D:3      | Found a hide-covered altar of Uskayaw.
  3242 | D:3      | Found a sparkling altar of Nemelex Xobeh.
  3341 | D:3      | Found a radiant altar of Vehumet.
  3341 | D:3      | Found a white marble altar of Elyvilon.
  3404 | D:3      | Learned a level 5 spell: Agony
  3409 | D:3      | Learned a level 4 spell: Animate Dead
  3770 | D:3      | Reached skill level 7 in Necromancy
  4116 | D:4      | Noticed a sky beast
  4127 | D:4      | Killed a sky beast
  4327 | D:4      | Reached XP level 7. HP: 5/36 MP: 6/19
  4330 | D:4      | Killed from afar by an orc wizard

Levels and vault maps discovered:
D:1:      lemuel_arrival_river_ford, layout_loops_ring
D:2:      layout_loops_corners, hangedman_feature_mirror,
          uniq_crazy_yiuf_cottage
D:3:      cheibrodos_thug_alley, layout_rooms, minitemple,
          lemuel_zombie_altar_kikubaaqudgha, gammafunk_temple_overflow_wave
D:4:      layout_gridville

Skill      XL: |  1  2  3  4  5  6 |
---------------+-------------------+-----
Necromancy     | 5 6 7 |  7.4
Spellcasting   | 4 5 6 |  6.8
Dodging        | 3 4 |  4.5
Stealth        | |  2.4

Action                   |  1- 3 |  4- 6 |  7- 9 || total
-------------------------+-------+-------+-------++-------
Melee: Short sword       |     4 |    15 |       ||    19
Throw: Stone             |     1 |       |       ||     1
 Cast: Pain              |    61 |   126 |     2 ||   189
       Vampiric Draining |     2 |    11 |     1 ||    14
 Stab: Sleeping          |     1 |       |       ||     1
  Eat: Chunk             |     2 |     8 |       ||    10
Armor: Robe              |     5 |    10 |       ||    15
Dodge: Dodged            |    18 |    28 |       ||    46

Table legend:
 A = Non-vault XP
 B = Vault XP
 C = Vault XP percentage of total XP
 D = Non-vault monster count
 E = Vault monster count
 F = Vault count percentage of total count
                 A         B        C        D         E       F
            +---------+---------+-------+---------+---------+-------
      Total |     541 |     202 |  27.2 |      81 |      12 |  12.9
            +---------+---------+-------+---------+---------+-------
        D:1 |      63 |       0 |   0.0 |      25 |       0 |   0.0
        D:2 |      55 |       0 |   0.0 |      15 |       0 |   0.0
        D:3 |     129 |     202 |  61.0 |      20 |      12 |  37.5
        D:4 |     294 |       0 |   0.0 |      21 |       0 |   0.0
            +---------+---------+-------+---------+---------+-------
